 Dungeon Crawl Stone Soup version 0.31.0-11-ge490571c62 (webtiles) character file.

Game seed: 11143660609878629919

81 qw the Shooter (level 4, 0/25 HPs)
             Began as a Deep Elf Hunter on Feb 3, 2024.
             Slain by Natasha (8 damage)
             ... on level 4 of the Dungeon.
             The game lasted 00:00:08 (2128 turns).

qw the Shooter (Deep Elf Hunter)                    Turns: 2128, Time: 00:00:09

Health: 0/25       AC:  8    Str: 10    XL:     4   Next: 20%
Magic:  6/6        EV:  9    Int: 14    God:
Gold:   0          SH:  0    Dex: 18    Spells: 3/3 levels left

rFire   . . .        a - +1 shortbow
rCold   . . .        (shield currently unavailable)
rNeg    . . .        d - +0 scale mail
rPois   .            (no helmet)
rElec   .            b - +0 cloak
rCorr   .            (no gloves)
SInv    .            i - +0 pair of boots
Will    .....        (no amulet)
Stlth   +            (no ring)
HPRegen 0.24/turn    (no ring)
MPRegen 0.10/turn

%: no passive effects
@: hasted, very quick
A: no striking features
a: no special abilities


You were on level 4 of the Dungeon.
You visited 1 branch of the dungeon, and saw 4 of its levels.

You collected 223 gold pieces.
You spent 223 gold pieces at shops.


   Skills:
 - Level 1.5 Fighting
 + Level 7.6 Ranged Weapons
 - Level 2.4 Dodging
 - Level 1.2 Stealth


You had 3 spell levels left.
You didn't know any spells.
Your spell library was empty.

Inventory:

Hand Weapons
 a - a +1 shortbow (weapon)
Armour
 b - a +0 cloak (worn)
 d - a +0 scale mail (worn)
 i - a +0 pair of boots (worn)
Scrolls
 m - a scroll of teleportation
Potions
 e - a potion of might
 f - 2 potions of curing
 g - 3 potions of heal wounds

Dungeon Overview and Level Annotations

Branches:
Dungeon (4/15)
 Temple: D:4-7

Altars:
Makhleb
Sif Muna
Yredelemnul

Shops:
D:1 :   D:3 ?:!

Annotations:
D:2 1 runed translucent door, Crazy Yiuf
D:4 Natasha


Message History

You shoot an arrow. The arrow misses the cerulean imp.
The arrow hits the plant.
The plant begins to die.
The plant is lightly damaged.
The cerulean imp hits you from afar with a +2 spear.
Something hits the plant.
2120 ||| RETREEEEATING.
The cerulean imp hits you but does no damage.
The orc hits the plant with a +0 hand axe.
Natasha casts a spell.
2121 ||| RETREEEEATING.
The orc hits the plant with a +0 hand axe!
The cerulean imp hits you from afar with a +2 spear.
2122 ||| RETREEEEATING.
The cerulean imp hits you with a +2 spear.
The cerulean imp attacks as it pursues you!
The cerulean imp hits you from afar with a +1 spear.
2123 ||| RETREEEEATING.
Natasha attacks as she pursues you! Natasha closely misses you.
The cerulean imp barely misses you.
The cerulean imp attacks as it pursues you!
The cerulean imp hits you from afar with a +1 spear.
2124 ||| RETREEEEATING.
The cerulean imp attacks as it pursues you!
The cerulean imp hits you but does no damage.
The cerulean imp closely misses you.
2125 ||| DRINKING potion of haste.
You feel yourself speed up. Natasha claws you.
The cerulean imp hits you from afar with a +2 spear.
You shoot an arrow.
The arrow hits Natasha but does no damage.
Natasha barely misses you.
The cerulean imp hits you from afar with a +2 spear.
You shoot an arrow. The arrow hits Natasha.
Natasha is moderately wounded.
Natasha barely misses you.
You shoot an arrow. The arrow hits Natasha.
Natasha is heavily wounded.
The cerulean imp misses you. Natasha claws you!
You die...
Natasha curls up and begins to purr.

## #...P....
.##...P.._.
.#...P.....P.. #
#....P.PPP.... #..
#####.............
#...#...#.<..PPPPPP...
#.....#%..........
##...##.#####..####
#.###.#.@h55o...... #.
#...####5o.##### #
#...# #.### #...# #.#
##.#...>.# .##.#####
.. .# ## ##


You could see Natasha, 3 cerulean imps and 2 orcs.

Vanquished Creatures
  A gnoll (D:1)
  An adder (D:2)
  4 dart slugs
  A ribbon worm (D:1)
  6 ball pythons
  6 endoplasms
  3 giant cockroaches
  4 goblins
  4 hobgoblins
  3 kobolds (D:2)
  A quokka (D:1)
  6 bats
  3 frilled lizards
  7 rats
50 creatures vanquished.

Notes
Turn   | Place    | Note
-------+----------+-------------------------------------------
     0 | D:1      | qw the Deep Elf Hunter began the quest for the Orb.
     0 | D:1      | Reached XP level 1. HP: 12/12 MP: 3/3
     0 | D:1      | 0 ||| qw: Version: 0.3-a-157-g843a77d
     0 | D:1      | 0 ||| qw: Game counter: 4019
     0 | D:1      | 0 ||| qw: Melee chars always use a shield: true
     0 | D:1      | 0 ||| qw: God list: Okawaru
     0 | D:1      | 0 ||| qw: Allow faded altars: false
     0 | D:1      | 0 ||| qw: Do Orc after clearing Dungeon:15 true
     0 | D:1      | 0 ||| qw: Do second Lair branch before Depths: true
     0 | D:1      | 0 ||| qw: Lair rune preference: random
     0 | D:1      | 0 ||| qw: Goals: Normal
     0 | D:1      | 0 ||| PLANNING D:1-11
    16 | D:1      | Reached skill level 6 in Ranged Weapons
    16 | D:1      | Reached XP level 2. HP: 16/16 MP: 4/4
   226 | D:1      | Reached XP level 3. HP: 20/20 MP: 5/5
   362 | D:1      | Found Tiummock's Book Emporium.
   475 | D:1      | Reached skill level 7 in Ranged Weapons
   772 | D:1      | 772 ||| UPGRADING to +0 scale mail.
   782 | D:1      | 782 ||| DROPPING +0 leather armour.
   783 | D:1      | 783 ||| UPGRADING to +0 pair of boots.
   788 | D:1      | 788 ||| READING 2 scrolls labelled IMITHR IM GUCW.
   788 | D:1      | 788 ||| IDENTIFYING bubbling ruby potion
   789 | D:1      | 789 ||| READING scroll of identify.
   789 | D:1      | 789 ||| IDENTIFYING golden potion
   790 | D:1      | 790 ||| READING scroll labelled ENUROTOOPT.
   790 | D:1      | 790 ||| ENCHANTING +0 shortbow.
   791 | D:1      | 791 ||| READING scroll labelled FOLEATUDOK.
   792 | D:1      | 792 ||| DROPPING scroll of butterflies.
   793 | D:1      | 793 ||| DROPPING potion of brilliance.
   806 | D:2      | 806 ||| STAIRDANCE
   812 | D:2      | 812 ||| STAIRDANCE
   821 | D:2      | 821 ||| STAIRDANCE
  1088 | D:2      | Found a runed translucent door.
  1089 | D:2      | Noticed Crazy Yiuf
  1132 | D:2      | Reached XP level 4. HP: 13/25 MP: 6/6
  1229 | D:2      | Found a basalt altar of Yredelemnul.
  1236 | D:2      | Identified the +3 flail of the Fox {flame, rF+ rC- Str+6
                  | Dex+2}
  1409 | D:2      | 1409 ||| UPGRADING to +0 cloak.
  1414 | D:2      | 1414 ||| READING scroll of identify.
  1414 | D:2      | 1414 ||| IDENTIFYING fuming green potion
  1415 | D:2      | 1415 ||| READING scroll labelled JAECKU MEKHE.
  1513 | D:3      | Found Udijira's Distillery.
  1519 | D:3      | 1519 ||| BUYING potion of curing (33 gold).
  1519 | D:3      | Bought a potion of curing for 33 gold pieces
  1519 | D:3      | 1519 ||| BUYING potion of heal wounds (55 gold).
  1519 | D:3      | Bought a potion of heal wounds for 55 gold pieces
  1519 | D:3      | 1519 ||| BUYING potion of might (44 gold).
  1519 | D:3      | Bought a potion of might for 44 gold pieces
  1519 | D:3      | 1519 ||| SHOPLISTING potion of mutation (88 gold, have 13).
  1519 | D:3      | Found a shimmering blue altar of Sif Muna.
  1571 | D:3      | Found Muzij's Vocational Training.
  1650 | D:3      | Found Nicwag's Magic Scroll Shop.
  1674 | D:3      | 1674 ||| SHOPLISTING scroll of enchant armour (97 gold,
                  | have 91).
  1674 | D:3      | 1674 ||| BUYING scroll of identify (26 gold).
  1674 | D:3      | Bought a scroll of identify for 26 gold pieces
  1674 | D:3      | 1674 ||| BUYING scroll of identify (26 gold).
  1674 | D:3      | Bought a scroll of identify for 26 gold pieces
  1674 | D:3      | 1674 ||| BUYING scroll of teleportation (39 gold).
  1674 | D:3      | Bought a scroll of teleportation for 39 gold pieces
  1902 | D:3      | 1902 ||| READING 3 scrolls of identify.
  1902 | D:3      | 1902 ||| IDENTIFYING viscous ruby potion
  1903 | D:3      | 1903 ||| READING 2 scrolls of identify.
  1903 | D:3      | 1903 ||| IDENTIFYING inky potion
  1904 | D:3      | 1904 ||| READING scroll of identify.
  1904 | D:3      | 1904 ||| IDENTIFYING scroll labelled RUITREFRUUPY
  1905 | D:3      | 1905 ||| READING scroll labelled JEALIH QUKHEWY.
  1948 | D:3      | 1948 ||| READING scroll labelled ORI YN BISO.
  2049 | D:3      | 2049 ||| DROPPING scroll of noise.
  2050 | D:3      | 2050 ||| DROPPING potion of degeneration.
  2083 | D:4      | Found a burning altar of Makhleb.
  2113 | D:4      | Noticed Natasha
  2115 | D:4      | 2115 ||| RETREEEEATING.
  2116 | D:4      | 2116 ||| RETREEEEATING.
  2120 | D:4      | 2120 ||| RETREEEEATING.
  2121 | D:4      | 2121 ||| RETREEEEATING.
  2122 | D:4      | 2122 ||| RETREEEEATING.
  2123 | D:4      | 2123 ||| RETREEEEATING.
  2124 | D:4      | 2124 ||| RETREEEEATING.
  2125 | D:4      | 2125 ||| DRINKING potion of haste.
  2128 | D:4      | Slain by Natasha

Levels and vault maps discovered:
D:1:      dpeg_arrival_tiny_d, layout_basic, serial_shops,
          nicolae_book_shop_shelving, nicolae_kite_square_tiling_tiny
D:2:      layout_rooms, basic_altar, serial_park_tiny_2, uniq_crazy_yiuf_cottage
D:3:      layout_rooms, amcnicky_altar_gilded, serial_shops, shop,
          nicolae_shop_industrial_runoff, nicolae_shop_vocational
D:4:      nicolae_cairo_tiling, layout_basic, mainiacjoe_overflow_cross_hatched,
          overflow_temple_1_default, grunt_decor_resistance, uniq_natasha,
          uniq_edmund, uniq_duvessa

Skill      XL: |  1  2  3 |
---------------+----------+-----
Ranged Weapons | 6 7 |  7.6
Fighting       | |  1.5
Dodging        | |  2.4
Stealth        | |  1.2

Action                     |  1- 3 |  4- 6 || total
---------------------------+-------+-------++-------
   Fire: Shortbow          |   101 |    32 ||   133
    Use: Scroll            |     4 |     7 ||    11
         Potion            |       |     1 ||     1
 Armour: Leather armour    |     8 |       ||     8
         Scale mail        |    28 |    18 ||    46
  Dodge: Dodged            |    24 |     7 ||    31

Table legend:
 A = Non-vault XP
 B = Vault XP
 C = Vault XP percentage of total XP
 D = Non-vault monster count
 E = Vault monster count
 F = Vault count percentage of total count
                 A         B        C        D         E       F
            +---------+---------+-------+---------+---------+-------
      Total |     117 |       0 |   0.0 |      50 |       0 |   0.0
            +---------+---------+-------+---------+---------+-------
        D:1 |      74 |       0 |   0.0 |      32 |       0 |   0.0
        D:2 |      33 |       0 |   0.0 |      12 |       0 |   0.0
        D:3 |       8 |       0 |   0.0 |       5 |       0 |   0.0
        D:4 |       2 |       0 |   0.0 |       1 |       0 |   0.0
            +---------+---------+-------+---------+---------+-------
